[Event "Early-Titled-Tuesday-Blitz-May-14-2024"]
[Site "Chess.com"]
[Date "2024.05.14"]
[Round "2"]
[White "kids2010"]
[Black "Payyappat"]
[Result "1-0"]
[WhiteElo "2776"]
[BlackElo "2529"]
[TimeControl "180+1"]
[EndTime "8:17:00 PDT"]
[Termination "kids2010 won by resignation"]

1. d4 Nf6 2. c4 c5 3. d5 e6 4.
Nc3 exd5 5. cxd5 d6 6. e4 g6 7.
h3 Bg7 8. Nf3 O-O 9. Be3 Re8 10.
Nd2 Nbd7 11. Be2 a6 12. a4 Rb8 13. O-O h6 14. Qc2 Nh7 15. Nc4 Ne5 16. Nxe5 Rxe5 17. f4 Re8 18. a5 f5 19. e5 dxe5 20. fxe5 Bxe5 21. Bxc5 Qg5 22. Rf3 Nf6 23. Raf1 Nh5 24.
Be3 f4 25. Ne4 Qf5 26. Bd3 Qf7 27. g4 Nf6 28. Bxf4 Bd4+ 29. Kg2 Nxe4 30. Bxe4 Ra8 31. Bxg6 Qxd5 32. Bxe8 Bf5 33. Qxf5 Qxf5 34. gxf5 Rxe8 35. Rg3+ Kf7 36. Bxh6 Re2+ 37. Kh1 Rxb2 38. f6 Re2 39. Rg7+ Ke6 40. Re7+ 1-0

[Event "Early-Titled-Tuesday-Blitz-May-14-2024"]
[Site "Chess.com"]
[Date "2024.05.14"]
[Round "2"]
[White "Bilan_Danila"]
[Black "h4parah5"]
[Result "0-1"]
[WhiteElo "2657"]
[BlackElo "3038"]
[TimeControl "180+1"]
[EndTime "8:17:01 PDT"]
[Termination "h4parah5 won by resignation"]

1. d4 Nf6 2. Nf3 e6 3. g3 b5 4. Bg2 Bb7 5. O-O a5 6. a4 b4 7.
b3 Be7 8. Bb2 O-O 9. Nbd2 c5 10.
c4 cxd4 11. Nxd4 Bxg2 12. Kxg2 Na6 13. e4 Nc5 14. e5 Ne8 15. Qe2 Qc7 16. f4 d6 17. Nb5 Qc6+ 18. Qf3 Qxf3+ 19. Rxf3 Rd8 20. Nf1 dxe5 21. Bxe5 Nf6 22. Bc7 Ra8 23. Rd1 Nfe4 24. Re3 f5 25. Nd2 Kf7 26. Nxe4 Nxe4 27. Rd7 Ke8 28.
Rd1 Ra6 29. Kf3 Kf7 30. Rd7 Nc5 31. Rd1 Rc8 32. h4 Ne4 33. Be5 g6 34. Rd7 Ke8 35.
Red3 Nc5 36. Rxe7+ Kxe7 37. Bd6+ Rxd6 38. Nxd6 Rc6 39. Nc8+ Rxc8 0-1

[Event "Early-Titled-Tuesday-Blitz-May-14-2024"]
[Site "Chess.com"]
[Date "2024.05.14"]
[Round "2"]
[White "dealshark"]
[Black "scarabee43"]
[Result "0-1"]
[WhiteElo "2563"]
[BlackElo "2821"]
[TimeControl "180+1"]
[EndTime "8:17:02 PDT"]
[Termination "scarabee43 won by resignation"]

1. e4 c5 2. Nf3 Nc6 3. d4 cxd4 4. Nxd4 Nf6 5. Nc3 e6 6. Bg5 h6 7. Be3 Bb4 8. Bd3 d5 9. Nxc6 bxc6 10. O-O d4 11. e5 dxc3 12. exf6 cxb2 13. fxg7 bxa1=Q 14. Qxa1 Rg8 15. Bh7 Ke7 16. Rd1 Qe8 17. Bxg8 Qxg8 18. Qd4 Rb8 19. Bxh6 Rb5 20. Bf4 e5 21. Qd8+ Qxd8 22.
Rxd8 Bd2 23. h3 Bxf4 24. Rd1 Bg4 25. hxg4 Rb8 26. g3 Bg5 27. f4 exf4 28. gxf4 Bxf4 0-1

[Event "Early-Titled-Tuesday-Blitz-May-14-2024"]
[Site "Chess.com"]
[Date "2024.05.14"]
[Round "2"]
[White "motivated_bishop"]
[Black "blitzking1729"]
[Result "1-0"]
[WhiteElo "2504"]
[BlackElo "2751"]
[TimeControl "180+1"]
[EndTime "8:17:02 PDT"]
[Termination "motivated_bishop won by resignation"]

1. d4 e6 2. e4 d5 3. Nc3 h6 4. Nf3 dxe4 5. Nxe4 Nf6 6. Bd3 Nbd7 7. O-O Be7 8. c4 c5 9. b3 cxd4 10. Nxd4 Ne5 11.
Bc2 Nxe4 12. Bxe4 O-O 13. Bb2 Nd7 14. Bc2 Bf6 15. Qd3 g6 16. Nxe6 Qe7 17. Nxf8 Bxb2 18.
Rab1 Nc5 19. Nxg6 fxg6 20. Qxg6+ Bg7 21. Rfe1 Ne6 22. Bf5 Nf8 23. Rxe7 Nxg6 24. Bxg6 1-0

[Event "Early-Titled-Tuesday-Blitz-May-14-2024"]
[Site "Chess.com"]
[Date "2024.05.14"]
[Round "2"]
[White "IMRosen"]
[Black "ChessGiantYouTube"]
[Result "1-0"]
[WhiteElo "2774"]
[BlackElo "2408"]
[TimeControl "180+1"]
[EndTime "8:17:02 PDT"]
[Termination "IMRosen won by resignation"]

1. e4 g6 2. d4 Bg7 3. Nf3 d6 4. Bc4 e6 5. Bb3 h6 6. Nbd2 Ne7 7. Nf1 b6 8. Ng3 Bb7 9. O-O Nd7 10. Re1 a6 11. c3 O-O 12. Bc2 c5 13. Be3 Qc7 14. Qd2 Kh7 15. Rac1 b5 16. h4 Nf6 17. h5 Nxh5 18.
Nxh5 gxh5 19. e5+ Ng6 20. Nh4 dxe5 21. dxc5 f5 22. Nxg6 Kxg6 23. Qe2 Qc6 24. f3 Rad8 25. b4 Qd5 26. Bb3 Qc6 27. Rcd1 Bf6 28. Bf2 Qc7 29. Bg3 Rxd1 30. Rxd1 Rd8 31. Rxd8 Qxd8 32. Bxe5 Bd5 33. Bd6 Be7 34. Bxd5 Bxd6 35. Qxe6+ Kg5 36. Qxd6 1-0

[Event "Early-Titled-Tuesday-Blitz-May-14-2024"]
[Site "Chess.com"]
[Date "2024.05.14"]
[Round "2"]
[White "WilsonPalencia21"]
[Black "Eagle_2019"]
[Result "0-1"]
[WhiteElo "2586"]
[BlackElo "2854"]
[TimeControl "180+1"]
[EndTime "8:17:03 PDT"]
[Termination "Eagle_2019 won by resignation"]

1. d4 d5 2. c4 e6 3. Nf3 Nf6 4. Nc3 c6 5. Bg5 Nbd7 6. e3 Qa5 7. Nd2 dxc4 8. Bxf6 Nxf6 9. Nxc4 Qc7 10. Rc1 Bd6 11.
Nxd6+ Qxd6 12. Be2 O-O 13. O-O e5 14. dxe5 Qxe5 15.
h3 Be6 16. Qa4 Rfd8 17. Rfd1 Nd5 18. Qe4 Qf6 19. Nxd5 Bxd5 20. Qa4 Qxb2 21. Bd3 Bxg2 22. Rc2 Qf6 23. Kxg2 Rxd3 24. Rb1 Rd7 25. Qg4 Rad8 26. Rb4 Qg6 27. a4 Qxc2 28. Re4 a5 29. Qf5 Qd2 30. Kh2 Qd5 31. Re5 Qd6 32. f4 g6 33. Qe4 Qd2+ 34. Kg3 Qe1+ 0-1

[Event "Early-Titled-Tuesday-Blitz-May-14-2024"]
[Site "Chess.com"]
[Date "2024.05.14"]
[Round "2"]
[White "tandaleo"]
[Black "MarcoRiehle"]
[Result "1-0"]
[WhiteElo "2570"]
[BlackElo "2784"]
[TimeControl "180+1"]
[EndTime "8:17:03 PDT"]
[Termination "tandaleo won by resignation"]

1. d4 d5 2. c4 e6 3. Nf3 Nf6 4.
g3 dxc4 5. Bg2 Bb4+ 6. Bd2 Be7 7. O-O O-O 8. Qc2 a6 9. Qxc4 b5 10. Qc2 Bb7 11. Ba5 Nc6 12. Bd2 Nxd4 13. Nxd4 Bxg2 14. Nxe6 Be4 15. Qxe4 Nxe4 16. Nxd8 Rfxd8 17. Be3 c5 18. Nc3 Nxc3 19. bxc3 c4 20. Bd4 b4 21. Rab1 a5 22. Rfd1 Rdb8 23. Be5 Rb5 24. Bf4 g5 25. Be3 b3 26. a4 Rb7 27. Rd5 Rd8 28. Rxa5 Bf6 29. Bxg5 Bxg5 30. Rxg5+ Kf8 31. Rc5 Rd2 32. Rxc4 b2 33. Rb4 Rxb4 34. cxb4 Ke7 35. Kg2 Rxe2 36. Kf3 Rc2 37. Ke3 Kd6 38. h4 Kd5 39. Kd3 Rxf2 40. Kc3 Rf3+ 41. Kxb2 Kc4 42. Ka2 Rxg3 43. b5 Rg8 44. b6 Rb8 45. a5 Kc5 46. b7 Kc6 47. a6 Kc7 48. a7 Rxb7 49. a8=Q 1-0

[Event "Early-Titled-Tuesday-Blitz-May-14-2024"]
[Site "Chess.com"]
[Date "2024.05.14"]
[Round "2"]
[White "KogotBobra17"]
[Black "cycygogne"]
[Result "1-0"]
[WhiteElo "2690"]
[BlackElo "2198"]
[TimeControl "180+1"]
[EndTime "8:17:07 PDT"]
[Termination "KogotBobra17 won by resignation"]

1. e4 d5 2. exd5 Qxd5 3. Nc3 Qd6 4. d4 Nf6 5. Nf3 Bg4 6. h3 Bh5 7. g4 Bg6 8. Bg2 c6 9. Ne5 Nbd7 10. f4 Nxe5 11.
dxe5 Qxd1+ 12. Nxd1 Bxc2 13. exf6 exf6 14. Ne3 Bd3 15.
Bd2 O-O-O 16. O-O-O Bc5 17. Rhe1 Rd7 18. Bf1 Be4 19.
Bc4 Rhd8 20. Nf5 Bf3 21. Be2 Be4 22. Ng3 Bd5 23. Nh5 Bxa2 24. Bc3 Be3+ 25. Kc2 c5 26. Rxd7 Rxd7 27. Bb5 Re7 28. Nxg7 a6 29. Nf5 Re8 30. Nd6+ 1-0

[Event "Early-Titled-Tuesday-Blitz-May-14-2024"]
[Site "Chess.com"]
[Date "2024.05.14"]
[Round "2"]
[White "Herzog2012"]
[Black "Malikova777"]
[Result "1-0"]
[WhiteElo "2543"]
[BlackElo "2313"]
[TimeControl "180+1"]
[EndTime "8:17:08 PDT"]
[Termination "Herzog2012 won by resignation"]

1. e4 e6 2. d4 d5 3. Nd2 c5 4. exd5 Qxd5 5. Ngf3 cxd4 6. Bc4 Qd6 7. O-O Nf6 8. Nb3 Nc6 9. Nbxd4 Nxd4 10. Nxd4 a6 11.
Bb3 Qc7 12. Qf3 Bd6 13. h3 O-O 14. Bg5 Bh2+ 15. Kh1 Be5 16. c3 h6 17. Bh4 Nd7 18.
Be7 Re8 19. Nxe6 Qc6 20. Bd5 Qb6 21. Nxg7 Rxe7 22. Nf5 Re6 23. Bxe6 Qxe6 24. Rfe1 Qf6 25. Qg4+ Qg5 26. Nxh6+ Kh7 27. Qxg5 1-0

[Event "Early-Titled-Tuesday-Blitz-May-14-2024"]
[Site "Chess.com"]
[Date "2024.05.14"]
[Round "2"]
[White "Lion-Al-Messi"]
[Black "OppieZippy"]
[Result "1-0"]
[WhiteElo "2574"]
[BlackElo "2353"]
[TimeControl "180+1"]
[EndTime "8:17:11 PDT"]
[Termination "Lion-Al-Messi won by checkmate"]

1. e4 Nf6 2. e5 Nd5 3. d4 d6 4.
Nf3 dxe5 5. Nxe5 c6 6. c4 Nb4 7. Qf3 Be6 8. Qc3 Qxd4 9. Qxb4 Qxe5+ 10. Be3 Qc7 11. Be2 g6 12. O-O Bg7 13. Nd2 O-O 14. Nf3 Na6 15. Qb3 Rfd8 16. Ng5 Bc8 17.
c5 e6 18. Rad1 Rxd1 19. Rxd1 h6 20. Ne4 b6 21. cxb6 axb6 22. Bxb6 Qb8 23. Rd8+ Kh7 24. Qh3 Qe5 25. Bd3 Bb7 26. Bd4 Rxd8 27. Bxe5 Bxe5 28. f4 Bd4+ 29. Kf1 Nb4 30. Ng5+ Kg7 31. Nxf7 Kxf7 32. Bxg6+ Kg7 33. Qxe6 Ba6+ 34. Ke1 Rf8 35. f5 Bf6 36.
Qd7+ Kg8 37. Qh7# 1-0

[Event "Early-Titled-Tuesday-Blitz-May-14-2024"]
[Site "Chess.com"]
[Date "2024.05.14"]
[Round "2"]
[White "youngdinousaur"]
[Black "Aemulus20"]
[Result "0-1"]
[WhiteElo "2375"]
[BlackElo "2630"]
[TimeControl "180+1"]
[EndTime "8:17:12 PDT"]
[Termination "Aemulus20 won by resignation"]

1. d4 Nf6 2. Nf3 g6 3. Nc3 d5 4.
Bf4 Bg7 5. e3 O-O 6. Be2 Bg4 7.
Ne5 Bxe2 8. Qxe2 Nbd7 9. h4 c5 10. O-O-O cxd4 11. exd4 Rc8 12. g4 Rxc3 13. bxc3 Ne4 14.
Qe3 Nxe5 15. Bxe5 Qa5 16. Kb2 Rc8 17. Rd3 Rc6 18. Kc1 Qxa2 19. Kd1 Qb1+ 20. Qc1 Nxf2+ 21. Ke2 Qxc1 22. Rxc1 Nxd3 23. cxd3 Bxe5 24. dxe5 d4 25. c4 Re6 26. Kf3 Rxe5 27. Kf4 Re3 28. Rb1 Kg7 29. Rxb7 e5+ 0-1

[Event "Early-Titled-Tuesday-Blitz-May-14-2024"]
[Site "Chess.com"]
[Date "2024.05.14"]
[Round "2"]
[White "Kunalm64"]
[Black "MdChess1734"]
[Result "1-0"]
[WhiteElo "2607"]
[BlackElo "2366"]
[TimeControl "180+1"]
[EndTime "8:17:12 PDT"]
[Termination "Kunalm64 won on time"]

1. d4 Nf6 2. c4 e6 3. Nc3 Bb4 4.
e3 b6 5. Bd3 Bb7 6. Ne2 Bxg2 7.
Rg1 Bf3 8. Rg3 Bh5 9. e4 Bg6 10. e5 Nh5 11. Rg5 Qe7 12. a3 Bxc3+ 13. Nxc3 Nc6 14.
Rxh5 Bxh5 15. Qxh5 Nxd4 16. Bg5 Qc5 17. Be3 d6 18.
Nb5 dxe5 19. Bxd4 exd4 20. Qxc5 bxc5 21. Nxc7+ Kd7 22. Nxa8 Rxa8 23. b4 Rb8 24. Rb1 f5 25.
f4 h6 26. h4 g6 27. Kd2 1-0

[Event "Early-Titled-Tuesday-Blitz-May-14-2024"]
[Site "Chess.com"]
[Date "2024.05.14"]
[Round "2"]
[White "chessfatbear"]
[Black "SargissyanSargis"]
[Result "1-0"]
[WhiteElo "2889"]
[BlackElo "2429"]
[TimeControl "180+1"]
[EndTime "8:17:13 PDT"]
[Termination "chessfatbear won on time"]

1. Nf3 Nf6 2. g3 g6 3. Bg2 Bg7 4. O-O O-O 5. b3 d5 6. Bb2 c5 7. d4 Nbd7 8. e3 b6 9. Nbd2 Bb7 10. a4 cxd4 11. exd4 Ne4 12. Re1 Ndf6 13. Ne5 Nxd2 14. Qxd2 Ne4 15. Qe3 Rc8 16. c4 e6 17. Rad1 Nd6 18.
Ba3 Re8 19. Qf4 Rc7 20. Nxg6 hxg6 21. Bxd6 Rd7 22. c5 bxc5 23. dxc5 Bc6 24. h4 Qf6 25.
Qe3 Bf8 26. Be5 Qe7 27. h5 Qxc5 28. Bd4 Qd6 29. hxg6 fxg6 30. Bh3 Rde7 31. Rc1 e5 32. Bc5 1-0

[Event "Early-Titled-Tuesday-Blitz-May-14-2024"]
[Site "Chess.com"]
[Date "2024.05.14"]
[Round "2"]
[White "Sofia_Blokhin"]
[Black "whitemirrorninja"]
[Result "1-0"]
[WhiteElo "2268"]
[BlackElo "2498"]
[TimeControl "180+1"]
[EndTime "8:17:15 PDT"]
[Termination "Sofia_Blokhin won by resignation"]

1. d4 Nf6 2. c4 e6 3. Nc3 c5 4. d5 exd5 5. cxd5 Be7 6. e4 d6 7. Bf4 O-O 8. h3 Re8 9. Nf3 a6 10. a4 Qa5 11. Nd2 Qb4 12. Qc2 Bf8 13. Be2 Bf5 14.
f3 a5 15. O-O Nbd7 16. Nc4 Bg6 17. Na2 Nxe4 18. fxe4 Bxe4 19. Qd1 Nf6 20. Nxb4 axb4 21. Bxd6 Nxd5 22. Bxf8 Rxf8 23. Nd6 Ne3 24. Qd2 Nxf1 25.
Rxf1 Bc6 26. Qf4 Rad8 27. Bc4 Rd7 28. Nxf7 Rdxf7 29. Bxf7+ Kh8 30. Qd6 1-0

[Event "Early-Titled-Tuesday-Blitz-May-14-2024"]
[Site "Chess.com"]
[Date "2024.05.14"]
[Round "2"]
[White "MatyChess1"]
[Black "yonaltimur"]
[Result "1-0"]
[WhiteElo "2662"]
[BlackElo "2377"]
[TimeControl "180+1"]
[EndTime "8:17:16 PDT"]
[Termination "MatyChess1 won by checkmate"]

1. e4 c5 2. Nf3 d6 3. c3 Nf6 4. h3 Nc6 5. Bd3 e6 6. O-O Be7 7. Bc2 O-O 8. d4 cxd4 9. cxd4 d5 10. e5 Ne4 11. Nc3 Nxc3 12. bxc3 b6 13. Qd3 g6 14.
Bh6 Re8 15. Rfe1 a5 16. Qe3 Ba6 17. Qf4 Qd7 18. h4 Rac8 19. Re3 Nb4 20. Bb1 Nc6 21. a4 b5 22. axb5 Bxb5 23. h5 a4 24. Ng5 Nd8 25.
Rh3 f5 26. exf6 Bd6 27. Qh4 e5 28. hxg6 exd4 29. gxh7+ Kh8 30. Bg7+ Qxg7 31. fxg7+ Kxg7 32. h8=Q+ Rxh8 33. Qxh8# 1-0

[Event "Early-Titled-Tuesday-Blitz-May-14-2024"]
[Site "Chess.com"]
[Date "2024.05.14"]
[Round "2"]
[White "Korchmar_Vasiliy"]
[Black "jbking07"]
[Result "1-0"]
[WhiteElo "2670"]
[BlackElo "2389"]
[TimeControl "180+1"]
[EndTime "8:17:17 PDT"]
[Termination "Korchmar_Vasiliy won by resignation"]

1. d4 d5 2. c4 e6 3. Nf3 Nf6 4. Nc3 dxc4 5. e4 Bb4 6. Bxc4 Nxe4 7.
O-O Nxc3 8. bxc3 Be7 9. h4 Nc6 10. Ng5 h6 11. Ne4 Bxh4 12. Qg4 Bf6 13. Ba3 Ne7 14.
Rfe1 Ng6 15. f4 Be7 16. f5 exf5 17. Nf6+ gxf6 18. Qh5 Kf8 19. Bxe7+ Qxe7 20. Rxe7 Kxe7 21. Re1+ Kf8 22. Qh2 f4 23. Bd3 Be6 24. Bxg6 fxg6 25. Rxe6 1-0

[Event "Early-Titled-Tuesday-Blitz-May-14-2024"]
[Site "Chess.com"]
[Date "2024.05.14"]
[Round "2"]
[White "NanMKKhineHlyan"]
[Black "RamonManon0g"]
[Result "0-1"]
[WhiteElo "1802"]
[BlackElo "2435"]
[TimeControl "180+1"]
[EndTime "8:17:17 PDT"]
[Termination "RamonManon0g won by resignation"]

1. e4 c5 2. Nf3 d6 3. d4 cxd4 4. Nxd4 Nf6 5. Nc3 a6 6. Be3 e5 7.
Nb3 Be7 8. Bd3 d5 9. exd5 Nxd5 10. Nxd5 Qxd5 11. O-O b5 12. Be2 Bb7 13. Qxd5 Bxd5 14.
Rad1 Be4 15. c3 a5 16. Nc5 Bc6 17. Rfe1 O-O 18. Nd3 Nd7 19. Bf1 f5 20. f4 e4 21.
Nf2 Nc5 22. Bxc5 Bxc5 23. Re2 Rad8 24. Rde1 b4 25. cxb4 Bxb4 26. Rc1 Bb5 27. Rec2 Bxf1 28. Kxf1 Bd2 29. Rd1 Bxf4 30. Rxd8 Rxd8 31. Ke2 Bxh2 32. Nh3 h6 33. Ke3 Rd3+ 34. Kf2 f4 35. Rc8+ Kh7 36.
Rc4 Bg3+ 37. Ke2 Re3+ 38. Kd2 Be1+ 39. Kd1 f3 40. gxf3 exf3 41. Rf4 g5 42. Rf5 g4 43.
Ng1 0-1

[Event "Early-Titled-Tuesday-Blitz-May-14-2024"]
[Site "Chess.com"]
[Date "2024.05.14"]
[Round "2"]
[White "Makswolf200817"]
[Black "Kimkibo"]
[Result "1-0"]
[WhiteElo "2771"]
[BlackElo "2408"]
[TimeControl "180+1"]
[EndTime "8:17:19 PDT"]
[Termination "Makswolf200817 won by checkmate"]

1. e4 e6 2. d4 d5 3. Nc3 Nf6 4. e5 Nfd7 5. f4 c5 6. Nf3 Nc6 7.
Be3 Qb6 8. a3 cxd4 9. Nxd4 Bc5 10.
Ncb5 a6 11. b4 axb5 12. bxc5 Qa5+ 13. Bd2 b4 14. Nb3 Qc7 15. axb4 Rxa1 16. Qxa1 O-O 17. Bd3 b6 18. b5 Ne7 19. c6 Nc5 20. Nxc5 bxc5 21. Qa5 Qb8 22. c4 f6 23. exf6 gxf6 24. O-O e5 25. cxd5 Nxd5 26. f5 Kh8 27. Qa3 Qb6 28.
Bc4 Nc7 29. Ba5 Nxb5 30. Qa4 Qxc6 31. Qxb5 Qe4 32. Qxc5 Bxf5 33. Qxf8# 1-0

[Event "Early-Titled-Tuesday-Blitz-May-14-2024"]
[Site "Chess.com"]
[Date "2024.05.14"]
[Round "2"]
[White "lagunanivaria"]
[Black "kyawmyataung2005"]
[Result "1-0"]
[WhiteElo "2517"]
[BlackElo "2261"]
[TimeControl "180+1"]
[EndTime "8:17:20 PDT"]
[Termination "lagunanivaria won by resignation"]

1. e3 d5 2. d4 Nf6 3. c4 c6 4. Nc3 Nbd7 5. Bd3 e6 6. Nf3 Be7 7. O-O O-O 8. b3 c5 9. Bb2 cxd4 10. exd4 b6 11. cxd5 exd5 12. Re1 Re8 13. Rc1 Bb7 14. h3 Rc8 15. a3 a6 16. Ne5 Bd6 17. f4 b5 18. a4 b4 19. Nb1 Qb6 20. Rxc8 Bxc8 21.
Kh1 Ne4 22. Bxe4 dxe4 23. Nd2 Nf6 24. d5 Bb7 25. Nec4 Qd8 26. Bxf6 gxf6 27. Nxe4 Bf8 28.
Nxf6+ Qxf6 29. Rxe8 Qxf4 30. d6 h5 31. d7 Qg3 32.
Rxf8+ Kxf8 33. d8=Q+ Kg7 34. Q1d4+ f6 35. Q4xf6+ 1-0

[Event "Early-Titled-Tuesday-Blitz-May-14-2024"]
[Site "Chess.com"]
[Date "2024.05.14"]
[Round "2"]
[White "yobdc"]
[Black "Janh4"]
[Result "1-0"]
[WhiteElo "2504"]
[BlackElo "2211"]
[TimeControl "180+1"]
[EndTime "8:17:20 PDT"]
[Termination "yobdc won on time"]

1. e4 c6 2. d4 d5 3. exd5 cxd5 4. Bd3 Nf6 5. h3 Qc7 6. Nf3 Nc6 7. c3 g6 8. Qc2 Bg7 9. O-O O-O 10. Re1 Re8 11.
Nbd2 a6 12. a4 e5 13. dxe5 Nxe5 14. Nxe5 Rxe5 15. Rxe5 Qxe5 16. Nf3 Qh5 17. Ng5 h6 18. Be2 Qh4 19. g3 Qxg5 20. Bxg5 hxg5 21. Bf1 Ne4 22.
Rd1 Be6 23. Qb3 Rb8 24. Bg2 Nc5 25. Qb4 Bf8 26. Bxd5 Bxh3 27. Qc4 Ne6 28. Bg2 Bxg2 29. Kxg2 Nc5 30. a5 Re8 31. b4 Ne4 32. Rd7 Nd6 33. Qd5 Re6 34. c4 Nf5 35. c5 1-0

[Event "Early-Titled-Tuesday-Blitz-May-14-2024"]
[Site "Chess.com"]
[Date "2024.05.14"]
[Round "2"]
[White "Suleyman_Chess06"]
[Black "Journey_to_GrandMaster_YT"]
[Result "1-0"]
[WhiteElo "2797"]
[BlackElo "2553"]
[TimeControl "180+1"]
[EndTime "8:17:21 PDT"]
[Termination "Suleyman_Chess06 won by resignation"]

1. Nf3 d6 2. d4 Nf6 3. g3 Nbd7 4. Bg2 e5 5. O-O e4 6. Nfd2 d5 7. c4 c6 8. Nc3 Be7 9. Qb3 Nb6 10. cxd5 cxd5 11.
a4 a5 12. e3 O-O 13. f3 exf3 14.
Nxf3 h6 15. Ne5 Ng4 16. Nxg4 Bxg4 17. Nxd5 Be6 18. Nxe7+ Qxe7 19. Qxb6 Rac8 20. Bd2 Rc2 21. Bc3 Bc4 22. Rf3 Bd5 23. Re1 Rxg2+ 24. Kxg2 Qe4 25.
Rf1 g5 26. h3 h5 27. Qf6 Qxe3 28. Kh2 Bxf3 29. Rxf3 Qe2+ 30. Rf2 Qe3 31. d5 Qxc3 32.
bxc3 1-0

[Event "Early-Titled-Tuesday-Blitz-May-14-2024"]
[Site "Chess.com"]
[Date "2024.05.14"]
[Round "2"]
[White "ilya2700"]
[Black "HajiyevKanan"]
[Result "0-1"]
[WhiteElo "2245"]
[BlackElo "2506"]
[TimeControl "180+1"]
[EndTime "8:17:21 PDT"]
[Termination "HajiyevKanan won by resignation"]

1. d4 d5 2. c4 c6 3. Nf3 Nf6 4. Nc3 a6 5. cxd5 cxd5 6. Bf4 Nc6 7. e3 Bg4 8. Be2 e6 9. h3 Bh5 10. g4 Bg6 11. Nh4 Be4 12. f3 Nd7 13. Ng2 Bg6 14. Rc1 h5 15. g5 h4 16. Bd3 Bxd3 17. Qxd3 g6 18. e4 dxe4 19. fxe4 Nc5 20. Qe2 Qxd4 21. Rd1 Qb4 22. O-O Be7 23. Nd5 exd5 24. exd5 O-O 25. dxc6 Rae8 26. Qc2 bxc6 27. Nxh4 Qe4 28. Qh2 Ne6 29.
Rde1 Bc5+ 30. Qf2 Qxf4 31. Qxc5 Qg3+ 32. Ng2 Nxc5 0-1

[Event "Early-Titled-Tuesday-Blitz-May-14-2024"]
[Site "Chess.com"]
[Date "2024.05.14"]
[Round "2"]
[White "Denisenko_Denis"]
[Black "Vincent_Vega95"]
[Result "0-1"]
[WhiteElo "2435"]
[BlackElo "2745"]
[TimeControl "180+1"]
[EndTime "8:17:22 PDT"]
[Termination "Vincent_Vega95 won by checkmate"]

1. d4 Nf6 2. Nf3 g6 3. Bf4 Bg7 4. c3 d6 5. Nbd2 O-O 6. h3 Nc6 7. e4 Re8 8. Be2 e5 9. dxe5 dxe5 10. Be3 Nh5 11. O-O Nf4 12. Bb5 Qf6 13. Qc2 Bd7 14.
Rfd1 Rad8 15. Bf1 g5 16. Nh2 h5 17. b4 g4 18. hxg4 hxg4 19. Nb3 Qg6 20. g3 Nh3+ 21. Kg2 Bc8 22. Rxd8 Rxd8 23. Be2 f5 24. Rd1 f4 25. Rxd8+ Nxd8 26. gxf4 exf4 27. Bc4+ Kh7 28. Bd4 g3 29. Nf3 gxf2+ 30. Kf1 Bxd4 31. Nbxd4 Qg1+ 32. Nxg1 fxg1=Q+ 33. Ke2 Bg4+ 34. Kd2 Qe3# 0-1

[Event "Early-Titled-Tuesday-Blitz-May-14-2024"]
[Site "Chess.com"]
[Date "2024.05.14"]
[Round "2"]
[White "ChessQueen"]
[Black "SHIVACalypso"]
[Result "1-0"]
[WhiteElo "2801"]
[BlackElo "2557"]
[TimeControl "180+1"]
[EndTime "8:17:23 PDT"]
[Termination "ChessQueen won by resignation"]

1. Nf3 Nf6 2. g3 g6 3. Bg2 Bg7 4. O-O O-O 5. c4 c6 6. d4 d5 7. a4 a5 8. Na3 Na6 9. cxd5 Nxd5 10. e4 Nf6 11. Qe2 Nb4 12. Rd1 b6 13. Bf4 Ba6 14. Qe3 Ng4 15. Qc3 c5 16. h3 cxd4 17. Nxd4 Rc8 18. Qd2 Nd3 19. hxg4 Bxd4 20. Nb5 Bxf2+ 21. Kh2 Nxf4 22. Qxf4 Qe8 23. Qxf2 Bxb5 24. axb5 Qxb5 25. Rd5 Qb4 26. Rd2 Rfd8 27. Rad1 Rxd2 28. Rxd2 a4 29. Qd4 Qxd4 30. Rxd4 b5 31. Rb4 Rc4 32. Rxc4 bxc4 33.
Bf1 c3 34. bxc3 a3 35. Bc4 e6 36. Kg2 Kf8 37. g5 Ke7 38. Kf3 Kd6 39. Ke3 Kc5 40.
Ba2 1-0

[Event "Early-Titled-Tuesday-Blitz-May-14-2024"]
[Site "Chess.com"]
[Date "2024.05.14"]
[Round "2"]
[White "Moon_stone123"]
[Black "TenisMaster"]
[Result "0-1"]
[WhiteElo "2617"]
[BlackElo "2913"]
[TimeControl "180+1"]
[EndTime "8:17:25 PDT"]
[Termination "TenisMaster won by checkmate"]

1. Nf3 d5 2. g3 Bg4 3. Bg2 Nd7 4. O-O e6 5. h3 Bh5 6. d3 c6 7. Qe1 Bd6 8. e4 Ne7 9. exd5 cxd5 10. c4 O-O 11. Nc3 Bg6 12. Qd1 Nc5 13. d4 Ne4 14. c5 Bc7 15. Nh4 Nxc3 16. bxc3 Ba5 17. Nxg6 hxg6 18.
Qb3 b6 19. cxb6 axb6 20. Ba3 Rc8 21. Rfc1 Qc7 22. Bxe7 Qxe7 23. c4 dxc4 24. Rxc4 Rxc4 25. Qxc4 Rd8 26. d5 e5 27. Rd1 Bb4 28. a4 Bc5 29. Rc1 Qa7 30. Qe4 Bd4 31. Qc2 Qe7 32.
Qc7 Qf6 33. Rc2 g5 34. Be4 g6 35. Kg2 Kg7 36. Rc6 Qxf2+ 37. Kh1 Qg1# 0-1

[Event "Early-Titled-Tuesday-Blitz-May-14-2024"]
[Site "Chess.com"]
[Date "2024.05.14"]
[Round "2"]
[White "Alexander_Donchenko"]
[Black "JiaHaoxiang"]
[Result "1-0"]
[WhiteElo "2873"]
[BlackElo "2596"]
[TimeControl "180+1"]
[EndTime "8:17:25 PDT"]
[Termination "Alexander_Donchenko won by resignation"]

1. e4 c5 2. Nf3 d6 3. Bb5+ Bd7 4. c4 Nf6 5. Nc3 g6 6. O-O Bg7 7. d4 cxd4 8. Nxd4 O-O 9. h3 Nc6 10. Bxc6 Bxc6 11. Re1 Rc8 12. b3 Qa5 13. Bb2 a6 14.
Qd2 b5 15. cxb5 axb5 16. Rad1 b4 17. Nxc6 Rxc6 18. Nd5 Nxd5 19. Bxg7 Kxg7 20. exd5 Rc7 21. Re4 Ra8 22. Rh4 h5 23. Qg5 Qxa2 24. Rxh5 Rh8 25.
Rxh8 Kxh8 26. Qh4+ Kg7 27. Qd4+ f6 28. Qxb4 Rc2 29. Re1 Re2 30. Rxe2 Qxe2 31. Qd4 g5 32. b4 Kf7 33. Kh2 Kf8 34. g3 Kf7 35. Qe3 Qc4 36. Qd2 Kf8 37. Kg1 Kf7 38. Kh2 Kf8 39. Qb2 Kf7 40. b5 Qxd5 41. b6 Qb7 42. Qb5 Qf3 43. Qb2 Qb7 44. Kg1 Ke8 45. h4 gxh4 46. gxh4 Qf3 47. Qb4 Qd1+ 48. Kh2 Qf3 49. Qd4 Kd7 50. Qe3 Qd5 51. Qh3+ Kc6 52. Qg2 Qxg2+ 53. Kxg2 Kxb6 54.
h5 1-0

[Event "Early-Titled-Tuesday-Blitz-May-14-2024"]
[Site "Chess.com"]
[Date "2024.05.14"]
[Round "2"]
[White "briesmas"]
[Black "only_strong_moves"]
[Result "0-1"]
[WhiteElo "2331"]
[BlackElo "2712"]
[TimeControl "180+1"]
[EndTime "8:17:25 PDT"]
[Termination "only_strong_moves won by resignation"]

1. e4 e5 2. Nf3 Nc6 3. Bb5 a6 4. Ba4 Nge7 5. c3 Ng6 6. O-O d5 7.
exd5 Qxd5 8. d4 Bg4 9. Re1 O-O-O 10. Bb3 Qd7 11. d5 Na5 12. Qd3 Nxb3 13. axb3 Qxd5 14.
Qxd5 Rxd5 15. Ng5 Rd7 16. Nd2 h6 17. Ngf3 f6 18. h3 Be6 19. b4 Bd6 20. Ne4 Rhd8 21. Be3 Bd5 22. Nc5 Bxc5 23. Bxc5 Bxf3 24. gxf3 Rd2 25.
Rab1 Nh4 26. Re3 R8d3 27. Rxd3 Rxd3 28. c4 Nxf3+ 29. Kg2 Ng5 30. h4 Ne4 31. Be3 Nd6 32. c5 Nf5 33. Kf3 Nxh4+ 34. Ke4 Rd7 35. Rh1 Ng6 36.
Rg1 Nf8 37. b3 c6 38. Kf5 Rf7 39. Ke4 h5 40. Rh1 g6 41. Kd3 Kd7 42. Ke4 Ke6 43.
f4 f5+ 44. Kf3 e4+ 45. Ke2 Nd7 46. Rg1 Rg7 47. Bd4 Rg8 48. Ke3 Nf6 49. Bxf6 Kxf6 50. Rd1 h4 51. Rd6+ Ke7 52. Rd1 h3 53. Rh1 Rh8 54. Rh2 Ke6 55. Kd4 Rh4 56. Ke3 Kf6 57. Ke2 g5 58. fxg5+ Kxg5 59. Ke3 Kf6 60. Ke2 Ke5 61.
Ke3 f4+ 62. Ke2 Kd4 63. Kf2 Kc3 64. Rh1 Kxb3 65. Kg1 h2+ 66. Kg2 Kxb4 67. Kf2 Kxc5 68.
Rc1+ Kd6 69. Rh1 a5 70. Ke2 a4 71. Kd2 a3 72. Kc2 f3 73. Kb3 f2 74. Rd1+ Kc7 75. Rh1 f1=Q 76. Rxf1 h1=Q 77. Rxh1 Rxh1 0-1